 Dungeon Crawl Stone Soup version 0.20-a0-522-g0b37eee (webtiles) character file.

158650 Lahna the Warrior (level 17, -3/116 HPs)
             Began as a Gargoyle Berserker on Jan 25, 2017.
             Was the Champion of Trog.
             Shot with an arrow by a naga sharpshooter (8 damage)
             ... on level 4 of the Snake Pit.
             The game lasted 01:40:22 (31706 turns).

Lahna the Warrior (Gargoyle Berserker)             Turns: 31706, Time: 01:40:24

Health: -3/116     AC: 58    Str: 21    XL:     17   Next: 72%
Magic:  4/20       EV: 13    Int: 10    God:    Trog [******]
Gold:   1030       SH: 12    Dex: 14    Spells: 16/16 levels left

rFire    + . .     SeeInvis .   i - +9 eveningstar (protect)
rCold    . . .     Gourm    .   C - +9 plate armour {rF+}
rNeg     + . .     Faith    +   V - +0 shield
rPois    ∞         Spirit   .   j - +1 helmet
rElec    +         Reflect  .   r - +0 cloak
rCorr    .         Harm     .   A - +2 pair of gloves "Coetwoaf" {MR+}
MR       +++..                  M - +2 pair of boots
Stlth    ..........             G - amulet of faith
Regen    0.3/turn               J - ring of protection from magic
                                x - +1 ring of evasion

@: protection aura
A: big wings, negative energy resistance 1, electricity resistance, unbreathing,
petrification resistance, rot immunity, AC +12
a: Fly, Berserk, Trog's Hand, Brothers in Arms, Burn Spellbooks, Renounce
Religion


You were on level 4 of the Snake Pit.
You worshipped Trog.
Trog was exalted by your worship.
You were very hungry.

You visited 4 branches of the dungeon, and saw 27 of its levels.

You collected 2618 gold pieces.
You spent 1588 gold pieces at shops.

Inventory:

Hand Weapons
 i - a +9 eveningstar of protection (weapon)
 t - a +5 demon whip of draining
Armour
 f - the +5 ring mail of Xom's Approval {MR+ Str+3 Int-2 Dex+5}
   (You found it on level 1 of the Lair of Beasts)

   It affects your strength (+3).
   It affects your intelligence (-2).
   It affects your dexterity (+5).
   It affects your resistance to hostile enchantments.
 j - a +1 helmet (worn)
 r - a +0 cloak (worn)
 A - the +2 pair of gloves "Coetwoaf" (worn) {MR+}
   (You found it on level 6 of the Dungeon)

   It affects your resistance to hostile enchantments.
 C - a +9 plate armour of fire resistance (worn)
 M - a +2 pair of boots (worn)
 V - a +0 shield (worn)
Jewellery
 x - a +1 ring of evasion (left hand)
 y - the amulet "Zyanyoh" {rC+ MR+ Regen+ Stlth+, unknown}
   (You found it on level 3 of the Snake Pit)

   [amulet of regeneration]

   It protects you from cold.
   It affects your resistance to hostile enchantments.
   It increases your rate of regeneration.
   It makes you more stealthy.
 F - an uncursed ring of ice
 G - an amulet of faith (around neck)
 J - a ring of protection from magic (right hand)
Wands
 h - a wand of confusion (25/48)
 l - a wand of flame (41/48)
 B - a wand of iceblast (3/15)
 I - a wand of digging (4/24)
 U - a wand of lightning (8/15)
 Z - a wand of paralysis (13/24)
Scrolls
 e - 12 scrolls of teleportation
 k - 10 scrolls of remove curse
 n - 6 scrolls of magic mapping
 o - 3 scrolls of blinking
 v - 4 scrolls of recharging
 H - 4 scrolls of fog
 K - 2 scrolls of enchant armour
 P - 3 scrolls of immolation
 Q - 2 scrolls of fear
 R - a scroll of holy word
Potions
 g - 3 potions of might
 m - a potion of resistance
 p - 4 potions of agility
 s - 3 potions of berserk rage
 u - 2 potions of ambrosia
 w - 3 potions of curing
 z - a potion of cure mutation
 D - 6 potions of lignification
 E - a potion of cancellation
 X - a potion of haste
Miscellaneous
 Y - a phial of floods
Comestibles
 a - 18 meat rations
 b - 49 fruits
 c - 21 bread rations
 d - 22 royal jellies
 q - 4 chunks of flesh


   Skills:
 - Level 16.8 Fighting
 + Level 14.5 Maces & Flails
 - Level 16.4 Armour
 - Level 12.4 Dodging
 + Level 9.9 Shields
 - Level 4.0 Evocations


You had 16 spell levels left.
You didn't know any spells.

Dungeon Overview and Level Annotations

Branches:
Dungeon (15/15)            Temple (0/1) D:4            Lair (6/6) D:11
 Shoals (0/4) Lair:2        Snake (4/4) Lair:4        Slime (0/5) Lair:5
    Orc (2/2) D:11            Elf (0/3) Orc:2        Vaults (0/5) D:14
 Depths (0/5) D:15

Altars:
Ashenzari
Cheibriados
Dithmenos
Elyvilon
Fedhas
Hepliaklqana
Makhleb
Okawaru
Sif Muna
Trog
Uskayaw
Vehumet
Zin
Beogh
Jiyva

Shops:
D:7 [   D:8 !   D:12 ?   Orc:2 ([!?

Portals:
Trove: D:15 (give +4 fire dragon scales)

Annotations:
D:7 4 runed doors


Innate Abilities, Weirdness & Mutations

You are resistant to torment.
Your stone body is resilient. (AC +12)
You are immune to poison.
Your large and strong wings let you fly indefinitely.
You resist negative energy. (rN+)
You are resistant to electric shocks. (rElec)
You can survive without breathing.
You are immune to petrification.
You are immune to rotting.


Message History

The splash of poison hits you! You resist.
The naga warrior hits you from afar with a trident.
* * * LOW HITPOINT WARNING * * *
The salamander mystic barely misses your ogre.
You cannot teleport because you are held in place by your roots.
Okay, then.
Okay, then.
Your magical effects are unravelling.
You feel magically purged.
You feel less wooden.
Your +0 cloak unmelds from your body.
Your +1 helmet unmelds from your body.
The +2 pair of gloves "Coetwoaf" {MR+} unmelds from your body.
Your +2 pair of boots unmelds from your body.
Your +9 plate armour of fire resistance unmelds from your body.
You feel resistant to fire.
You feel a little less mighty now.
Your ogre hits the naga sharpshooter with a giant club!!
The naga warrior hits you but does no damage.
The naga sharpshooter shoots an arrow.
The arrow hits you!
You die...

***░░░░░░░░░** ░░░░
░..,!......,,░░
...░*░░░░░.░░░░''░░░░..░
...░░......░........░..░
<..░..░**░.░.)░░░░..░..░ .....░*
░.░))░O@░†.░,,***
....░░░░░░.░.)NNNNN.░,,,,░*
.......░...░..'.NNNN░,....**
...........░..░.?░N.░.....,* ***
.!.........░..░░░░(.░.....,****,,
![.........░...S....░.....,**,,,,
...........░░░░'N░░░░N....,,,,,,,
............)..NN.....N...,,,,,,,
..........................,,,,,,,


You could see 3 naga warriors, 3 naga sharpshooters, a salamander mystic, 2
salamanders, a naga mage, 2 nagas and a friendly ogre (berserk).

Vanquished Creatures
  Rupert (D:14)
  Frances (Snake:2)
  Kirke (Snake:2)
  7 nagarajas
  The ghost of vogonpoet the Lord of Darkness, an adept DsNe of Kikubaaqudgha (D:13)
  An orc warlord (Orc:2)
  Aizul (Snake:1)
  The ghost of eskilway the Severer, a journeyman MiBe of Trog (Orc:2)
  A dire elephant (Lair:6)
  Josephine (Snake:1)
  A fire dragon (Lair:6)
  4 hydras (Lair:6)
  2 vault guards (D:14)
  4 naga warriors
  8 anacondas
  2 centaur warriors
  7 two-headed ogres
  Urug (Lair:4)
  10 naga sharpshooters
  An ogre mage (D:15)
  A queen ant (Lair:2)
  7 shock serpents
  2 orc high priests (Orc:2)
  A fire crab (shapeshifter) (D:15)
  2 salamander mystics
  An unseen horror (D:14)
  5 naga ritualists
  A wizard (D:14)
  A wolf spider zombie (D:13)
  A lindwurm (Lair:6)
  6 orc knights
  5 orc sorcerers
  12 ugly things (D:15)
  2 deep elf magi
  2 manticores
  5 mana vipers
  5 salamanders
  3 cyclopes
  7 elephants
  35 black mambas
  A guardian serpent (Lair:4)
  11 naga magi
  3 torpor snails (Lair:6)
  2 centaur zombies
  The ghost of Lahna the Destroyer, a novice DECj of Sif Muna (D:6)
  3 centaur skeletons
  A gargoyle (D:11)
  2 yaktaurs (D:14)
  A rime drake (Lair:5)
  14 spiny frogs
  2 freezing wraiths
  A tengu conjurer (D:15)
  A queen bee (Lair:3)
  9 komodo dragons
  4 tyrant leeches (Lair:6)
  9 polar bears (Lair:6)
  A troll (shapeshifter) (D:15)
  4 trolls
  8 hornets
  A harpy skeleton (D:14)
  A raiju (Lair:6)
  A slime creature (shapeshifter) (D:15)
  13 blink frogs
  9 slime creatures (D:15)
  11 hippogriffs
  A vampire (D:14)
  Sigmund (D:6)
  36 yaks
  A spriggan (shapeshifter) (D:15)
  A wyvern (Lair:2)
  The ghost of Lahna the Chopper, an amateur MiGl (D:3)
  A human (D:14)
  5 wraiths (Snake:1)
  3 steam dragons
  A human (shapeshifter) (D:15)
  A hog (Snake:2)
  5 vampire mosquitoes (D:13)
  A hungry ghost (D:10)
  6 basilisks
  4 wargs (Lair:6)
  26 nagas
  2 acid dragons
  3 porcupines
  8 soldier ants
  21 water moccasins
  16 hell hounds (Lair:6)
  9 ice beasts
  A phantom (D:8)
  A sky beast (D:8)
  27 orc warriors
  12 black bears
  3 boggarts (D:15)
  33 wolves
  16 ogres
  13 centaurs
  13 crocodiles
  2 big kobolds
  20 bullfrogs
  A gnoll sergeant (D:8)
  A wyvern zombie (D:11)
  A water moccasin zombie (D:6)
  5 scorpions
  30 killer bees
  13 wights
  5 howler monkeys
  4 electric eels
  5 crimson imps
  A quasit (D:11)
  5 hounds
  27 orc priests
  6 jellies
  17 orc wizards
  2 bullfrog skeletons
  An iguana (shapeshifter) (D:15)
  4 iguanas
  A worker ant (shapeshifter) (D:14)
  32 worker ants
  2 hound skeletons
  Robin (D:2)
  12 gnolls
  A river rat (Lair:3)
  12 adders
  A howler monkey skeleton (D:9)
  2 shadow imps
  An adder zombie (D:5)
  An adder skeleton (D:4)
  A worm (D:2)
  4 dart slugs
  A dart slug (shapeshifter) (D:15)
  4 leopard geckos
  118 orcs
  3 ball pythons
  5 bats
  8 giant cockroaches
  17 goblins
  8 hobgoblins
  9 jackals
  15 kobolds
  5 quokkas
  3 frilled lizards
  A leopard gecko zombie (D:5)
  A quokka skeleton (D:6)
  A quokka zombie (D:7)
  9 rats
975 creatures vanquished.

Vanquished Creatures (collateral kills)
  Mara (Snake:3)
  Vashnia (Snake:2)
  3 naga sharpshooters (Snake:2)
  2 salamanders
  2 torpor snails (Lair:6)
  2 hornets (Lair:6)
  A naga (Snake:2)
  2 orc warriors (Orc:2)
  An orc priest (Orc:2)
  5 orcs (Orc:2)
20 creatures vanquished.

Vanquished Creatures (others)
  A salamander (Snake:3)
  2 humans (Snake:2)
  A crocodile (Lair:5)
  11 fungi
  36 plants
51 creatures vanquished.

Grand Total: 1046 creatures vanquished

Notes
Turn   | Place    | Note
-------+----------+-------------------------------------------
     0 | D:1      | Lahna the Gargoyle Berserker began the quest for the Orb.
     0 | D:1      | Reached XP level 1. HP: 14/14 MP: 1/1
   168 | D:1      | Reached XP level 2. HP: 16/19 MP: 2/2
   537 | D:1      | Reached XP level 3. HP: 21/23 MP: 3/3
   755 | D:2      | Reached ** piety under Trog
  1020 | D:2      | Noticed Robin
  1037 | D:2      | Killed Robin
  1050 | D:2      | Reached XP level 4. HP: 11/29 MP: 4/4
  1593 | D:2      | Found an iron altar of Okawaru.
  1827 | D:3      | Reached XP level 5. HP: 26/33 MP: 5/5
  1866 | D:3      | Found a shattered altar of Ashenzari.
  2369 | D:3      | Found a burning altar of Makhleb.
  2371 | D:3      | Noticed a cacodemon
  2385 | D:3      | Noticed Lahna's ghost (amateur MiGl)
  2405 | D:3      | Killed Lahna's ghost
  2405 | D:3      | Reached *** piety under Trog
  2405 | D:3      | Reached XP level 6. HP: 36/40 MP: 6/6
  2916 | D:4      | Reached skill level 5 in Fighting
  3330 | D:4      | Found a blossoming altar of Fedhas.
  3395 | D:4      | Found a staircase to the Ecumenical Temple.
  3441 | D:4      | Found a snail-covered altar of Cheibriados.
  3541 | D:4      | Reached XP level 7. HP: 35/44 MP: 7/7
  3665 | D:5      | Entered Level 5 of the Dungeon
  3900 | D:5      | Reached skill level 5 in Armour
  3982 | D:5      | Reached XP level 8. HP: 55/56 MP: 8/8
  4842 | D:6      | Noticed Sigmund
  4854 | D:6      | Killed Sigmund
  4854 | D:6      | Reached XP level 9. HP: 60/60 MP: 9/9
  4960 | D:6      | Got a pair of warped gloves
  4966 | D:6      | Identified the +2 pair of gloves "Coetwoaf" {MR+} (You found it on level 6 of the Dungeon)
  5048 | D:6      | Found a radiant altar of Vehumet.
  5067 | D:6      | Reached **** piety under Trog
  5117 | D:6      | Noticed Lahna's ghost (novice DECj)
  5144 | D:6      | Killed Lahna's ghost
  5193 | D:6      | Found a hide-covered altar of Uskayaw.
  5200 | D:6      | Noticed a dagger
  5201 | D:6      | Noticed a hand axe
  5318 | D:6      | Got a faintly glowing leather armour
  5329 | D:6      | Identified the +2 leather armour of Untold Secrets {*Contam rF+ MR+ Int+2} (You took it off a kobold on level 6 of the Dungeon)
  6011 | D:7      | Found Joynet's Antique Armour Emporium.
  6158 | D:7      | Bought a scorched ring mail for 234 gold pieces
  6170 | D:7      | Identified the +4 ring mail of the Gate {Str+2 Slay+2} (You bought it in a shop on level 7 of the Dungeon)
  6353 | D:7      | Found a huge runed gate.
  6353 | D:7      | Found a huge runed gate.
  6353 | D:7      | Found a huge runed gate.
  6354 | D:7      | Noticed a polar bear
  6354 | D:7      | Noticed a polar bear
  6355 | D:7      | Noticed a death yak
  6356 | D:7      | Found a huge runed gate.
  6356 | D:7      | Noticed a polar bear
  6357 | D:7      | Noticed a polar bear
  6598 | D:7      | Found a white marble altar of Elyvilon.
  6784 | D:8      | Found a glowing silver altar of Zin.
  6861 | D:8      | Reached skill level 10 in Fighting
  6861 | D:8      | Reached XP level 10. HP: 68/68 MP: 10/10
  6992 | D:8      | Found a deep blue altar of Sif Muna.
  7105 | D:8      | Noticed a two-headed ogre
  7130 | D:8      | Killed a two-headed ogre
  7130 | D:8      | Reached skill level 10 in Armour
  7153 | D:8      | Noticed a deep elf mage
  7251 | D:8      | Killed a deep elf mage
  7280 | D:8      | Found Amurinew's Distillery.
  7706 | D:8      | Found a hazy altar of Hepliaklqana.
  7845 | D:9      | Noticed a deep elf mage
  7858 | D:9      | Killed a deep elf mage
  7934 | D:9      | Reached ***** piety under Trog
  8807 | D:10     | Entered Level 10 of the Dungeon
  8892 | D:10     | Reached XP level 11. HP: 63/73 MP: 11/11
  8950 | D:10     | Received a gift from Trog
  9004 | D:10     | Noticed a two-headed ogre
  9039 | D:10     | Killed a two-headed ogre
  9039 | D:10     | Reached skill level 10 in Maces & Flails
 10244 | D:11     | Received a gift from Trog
 10290 | D:11     | Found a staircase to the Lair.
 10409 | D:11     | Noticed a cyclops
 10418 | D:11     | Killed a cyclops
 10848 | D:11     | Noticed an orc knight
 10849 | D:11     | Found a roughly hewn altar of Beogh.
 10849 | D:11     | Found a staircase to the Orcish Mines.
 10865 | D:11     | Killed an orc knight
 11005 | D:11     | Noticed a manticore
 11011 | D:11     | Killed a manticore
 11116 | D:12     | Found Dueblyull's Magic Scroll Shoppe.
 11125 | D:12     | Bought a scroll of teleportation for 42 gold pieces
 11128 | D:12     | Noticed a two-headed ogre
 11147 | D:12     | Killed a two-headed ogre
 11147 | D:12     | Reached XP level 12. HP: 80/80 MP: 4/12
 11439 | D:12     | Noticed a centaur warrior
 11447 | D:12     | Killed a centaur warrior
 11865 | Lair:1   | Entered Level 1 of the Lair of Beasts
 12516 | Lair:1   | Got a heavily runed ring mail
 12527 | Lair:1   | Identified the +5 ring mail of Xom's Approval {MR+ Str+3 Int-2 Dex+5} (You found it on level 1 of the Lair of Beasts)
 12580 | Lair:1   | Received a gift from Trog
 13029 | Lair:2   | Noticed a queen ant
 13042 | Lair:2   | Killed a queen ant
 13319 | Lair:2   | Found a bloodstained altar of Trog.
 13588 | Lair:2   | Found a staircase to the Shoals.
 13688 | Lair:3   | Reached XP level 13. HP: 77/87 MP: 4/13
 13954 | Lair:3   | Reached ****** piety under Trog
 14005 | Lair:3   | Received a gift from Trog
 14785 | Lair:4   | Noticed Urug
 14797 | Lair:4   | Killed Urug
 15101 | Lair:4   | Found a staircase to the Snake Pit.
 16465 | Lair:5   | Received a gift from Trog
 16577 | Lair:5   | Found a viscous altar of Jiyva.
 16577 | Lair:5   | Found a staircase to the Slime Pits.
 16660 | Lair:6   | Entered Level 6 of the Lair of Beasts
 16732 | Lair:6   | Gained mutation: Your large and strong wings let you fly indefinitely. [Gargoyle growth]
 16732 | Lair:6   | Reached XP level 14. HP: 95/95 MP: 4/14
 16871 | Lair:6   | Reached skill level 10 in Dodging
 16907 | Lair:6   | Reached skill level 1 in Evocations
 17451 | Lair:6   | Found a runed door.
 18424 | Lair:6   | Noticed a dire elephant
 18437 | Lair:6   | Received a gift from Trog
 18446 | Lair:6   | Killed a dire elephant
 18896 | Lair:6   | Got a smoking plate armour
 18908 | Lair:6   | Identified the cursed +0 plate armour of Magic {rElec rPois Dex+2 Stlth-} (You found it on level 6 of the Lair of Beasts)
 19530 | Orc:1    | Entered Level 1 of the Orcish Mines
 19834 | Orc:2    | Entered Level 2 of the Orcish Mines
 19834 | Orc:2    | Found a staircase to the Elven Halls.
 19834 | Orc:2    | Noticed eskilway's ghost (journeyman MiBe)
 20189 | Orc:2    | Found a roughly hewn altar of Beogh.
 20199 | Orc:2    | Found Faud's Magic Scroll Emporium.
 20205 | Orc:2    | Reached skill level 15 in Fighting
 20222 | Orc:2    | Bought a scroll of noise for 13 gold pieces
 20222 | Orc:2    | Bought a scroll of blinking for 97 gold pieces
 20404 | Orc:2    | Found a roughly hewn altar of Beogh.
 20434 | Orc:2    | Received a gift from Trog
 20435 | Orc:2    | Found Radacs's Distillery.
 20617 | Orc:2    | Killed eskilway's ghost
 21110 | Orc:2    | Reached XP level 15. HP: 78/103 MP: 10/18
 21130 | Orc:2    | Noticed an orc warlord
 21179 | Orc:2    | Killed an orc warlord
 21529 | Orc:2    | Found Waribiqu's Antique Armour Shoppe.
 21530 | Orc:2    | Found a roughly hewn altar of Beogh.
 21537 | Orc:2    | Found Pogry's Antique Weapon Emporium.
 21565 | Orc:2    | Bought a faintly humming chain mail for 237 gold pieces
 21565 | Orc:2    | Bought a pitted chain mail for 237 gold pieces
 21577 | Orc:2    | Identified the cursed +1 chain mail of the Alphagorgon {MP+9} (You bought it in a shop on level 2 of the Orcish Mines)
 21589 | Orc:2    | Identified the cursed +0 chain mail of Okawaru's Outrage {MR++ MP-9} (You bought it in a shop on level 2 of the Orcish Mines)
 21874 | Orc:2    | Received a gift from Trog
 21889 | Orc:2    | Found a roughly hewn altar of Beogh.
 22046 | Orc:2    | Found a roughly hewn altar of Beogh.
 22355 | D:12     | Bought a scroll of acquirement for 728 gold pieces
 22648 | D:13     | Reached skill level 15 in Armour
 22743 | D:13     | Noticed vogonpoet's ghost (adept DsNe)
 22807 | D:13     | Killed vogonpoet's ghost
 23423 | D:13     | Received a gift from Trog
 23932 | D:14     | Found a shadowy altar of Dithmenos.
 24009 | D:14     | Noticed Rupert
 24023 | D:14     | Killed Rupert
 24898 | D:14     | Found a gate to the Vaults.
 25202 | D:15     | Entered Level 15 of the Dungeon
 25323 | D:15     | Found a portal to a secret trove of treasure.
 25602 | D:15     | Received a gift from Trog
 26219 | D:15     | Reached XP level 16. HP: 110/110 MP: 19/19
 26494 | D:15     | Found a staircase to the Depths.
 26514 | D:15     | Received a gift from Trog
 26855 | Snake:1  | Entered Level 1 of the Snake Pit
 26905 | Snake:1  | You fall through a shaft!
 27308 | Snake:2  | Noticed a nagaraja
 27325 | Snake:2  | Killed a nagaraja
 27376 | Snake:2  | You fall through a shaft!
 27637 | Snake:2  | Reached skill level 1 in Shields
 27646 | Snake:2  | Noticed Frances
 27647 | Snake:2  | Noticed Vashnia
 27660 | Snake:2  | Killed Frances
 27695 | Snake:2  | Killed Vashnia
 27953 | Snake:2  | Noticed Kirke
 27967 | Snake:2  | Killed Kirke
 28871 | Snake:1  | Noticed Aizul
 28894 | Snake:1  | Killed Aizul
 29262 | Snake:1  | Received a gift from Trog
 29581 | Snake:1  | Noticed Josephine
 29588 | Snake:1  | Killed Josephine
 29588 | Snake:1  | Reached skill level 5 in Shields
 29615 | Snake:1  | Reached XP level 17. HP: 88/116 MP: 20/20
 29928 | Snake:3  | Got a faintly glowing lead amulet
 30219 | Snake:3  | Noticed Mara
 30236 | Snake:3  | Noticed Lahna's illusion
 30257 | Snake:3  | Killed Mara
 30559 | Snake:3  | Received a gift from Trog
 31172 | Snake:4  | Entered Level 4 of the Snake Pit
 31673 | Snake:4  | Received a gift from Trog
 31705 | Snake:4  | HP: 8/174 [naga warrior/trident (5)]
 31706 | Snake:4  | Shot with an arrow by a naga sharpshooter

Vault maps used:
D:1:      lemuel_arrival_tunnels
D:2:      okawaru_altar_gauntlet_db, uniq_robin
D:3:      evilmike_ruin_ashenzari, kennysheep_nondescript, glass_columns_b,
          corexii_leaking_fountain, makhleb_altar_promises_db
D:4:      minmay_wonky_spiral, overflow_temple_1_default, lemuel_round_altar,
          temple_hall, first_bread
D:6:      dancing_weapons_uskayaw, vehumet_crystals, lightli_sewer_entry_pipes,
          minmay_unpleasant_kobolds, uniq_sigmund
D:7:      lemuel_bear_cage, kennysheep_mini_moat, serial_shops, shop
D:8:      kennysheep_little_box, lemuel_coloured_pillars_altar, basic_altar,
          serial_shops, shop, grunt_ogre_cave
D:11:     lair_entry_dummy, david_orc_5
D:12:     serial_shops, shop, lab_entry_generic
D:13:     minmay_crystal_water
D:14:     cheibrodos_elevator_heist, grunt_vaults_entry_fortified,
          nicolae_dithmenos_shadow_blocks, uniq_rupert
D:15:     gammafunk_enter_depths_forms, enter_trove_0, serial_glass,
          glass_columns_a, glass_columns_a
Lair:1:   minmay_holes, beast_lair_carwin_3, lemuel_fruit_fields
Lair:2:   elwin_shoals_entry_rooms, basic_altar, minivault_11,
          minmay_another_anthill
Lair:3:   regret_index_tunnel_blossom, serial_bayou_shore_a
Lair:4:   minmay_snake_entry_spellcaster, infiniplex_staircase_pool, uniq_urug
Lair:5:   dpeg_slime_entry_enclosed_altar
Lair:6:   hangedman_lair_caniforms_friends, wormcave,
          infiniplex_staircase_pool_2
Snake:1:  special_room, uniq_aizul, uniq_josephine
Snake:2:  serial_bayou_shore_b, uniq_frances, uniq_vashnia, uniq_kirke
Snake:3:  uniq_mara
Snake:4:  minmay_snake_end_coiled, guppyfry_library_mini
Orc:1:    uniq_erolcha
Orc:2:    grunt_orc_community_town_hall, grunt_orc_community_big_house_1,
          grunt_orc_community_big_house_1, grunt_orc_community_house_1,
          grunt_orc_community_house_1, grunt_orc_community_house_1,
          grunt_orc_community_house_3, grunt_orc_community_house_3

Skill      XL: |  1  2  3  4  5  6  7  8  9 10 11 12 13 14 15 16 17 |
---------------+----------------------------------------------------+-----
Armour         | 3 4 8 9 10 11 12 13 14 15 16 | 16.4
Dodging        | 2 3 6 7 8 9 10 11 12 | 12.4
Fighting       | 4 5 9 10 11 12 13 15 16 | 16.8
Maces & Flails | 4 7 8 9 10 11 12 13 14 | 14.5
Evocations     | 4 |  4.0
Shields        | 5 9 |  9.9

Action                   |  1- 3 |  4- 6 |  7- 9 | 10-12 | 13-15 | 16-18 || total
-------------------------+-------+-------+-------+-------+-------+-------++-------
Melee: Mace              |    34 |       |       |       |       |       ||    34
       Whip              |   100 |   225 |   529 |   728 |    93 |       ||  1675
       Great mace        |       |       |       |   415 |  1208 |   138 ||  1761
       Demon whip        |       |       |       |       |   446 |   299 ||   745
       Eveningstar       |       |       |       |       |    61 |   467 ||   528
Invok: Berserk           |     1 |     3 |     4 |     6 |     9 |     1 ||    24
       Burn Spellbooks   |     1 |     1 |     2 |       |     5 |     2 ||    11
       Brothers in Arms  |       |       |       |       |     2 |     4 ||     6
       Trog's Hand       |       |       |       |       |     2 |     2 ||     4
 Abil: Fly               |       |       |       |       |     1 |       ||     1
       Stop Flying       |       |       |       |       |     1 |       ||     1
Evoke: Wand              |       |       |       |       |     1 |       ||     1
  Use: Scroll            |       |     3 |    10 |    10 |    18 |    15 ||    56
       Potion            |       |       |     1 |       |     5 |    10 ||    16
 Stab: Sleeping          |       |       |       |     4 |     6 |       ||    10
       Distracted        |       |       |       |     1 |     1 |       ||     2
  Eat: Chunk             |       |    12 |    13 |    29 |    58 |    11 ||   123
       Royal jelly       |       |       |     1 |     1 |     1 |     5 ||     8
Armor: Animal skin       |    65 |     4 |       |       |       |       ||    69
       Ring mail         |       |    76 |   155 |   503 |   816 |       ||  1550
       Leather armour    |       |       |    32 |       |       |       ||    32
       Plate armour      |       |       |       |       |   160 |   698 ||   858
       Skin              |       |       |       |       |       |    20 ||    20
Dodge: Dodged            |   122 |   124 |   290 |   854 |  1998 |   450 ||  3838
Block: Shield            |       |       |       |       |       |   408 ||   408
